 Dungeon Crawl Stone Soup version 0.21.0-3-g78d12a8 (webtiles) character file.

1094 komo4ek the Changer (level 8, -3/54 HPs)
             Began as an Octopode Transmuter on Jan 11, 2018.
             Was an Initiate of Wu Jian.
             Killed by divine providence
             ... invoked by an orc priest
              (11 damage)
             ... on level 6 of the Dungeon.
             The game lasted 00:14:09 (5821 turns).

komo4ek the Changer (Octopode Transmuter)           Turns: 5821, Time: 00:14:10

Health: -3/54      AC:  1    Str: 10 (12) XL:     8   Next: 31%
Magic:  0/13       EV: 21    Int: 17 (20) God:    Wu Jian [......]
Gold:   152        SH:  0    Dex: 19 (22) Spells: 8/14 levels left

rFire    . . .     SeeInvis .   e - +3 scythe
rCold    . . .     Gourm    .   (shield currently unavailable)
rNeg     . . .     Faith    .   (helmet restricted)
rPois    .         Spirit   +   h - amulet of guardian spirit
rElec    .         Reflect  .   f - +3 ring of strength
rCorr    .         Harm     .   (no ring)
MR       .....     Rnd*Rage +   (no ring)
Stlth    ++++......             (no ring)
HPRegen  0.18/turn              (no ring)
MPRegen  0.13/turn              (no ring)
                                (no ring)
                                (no ring)

@: brilliant, agile, very slightly contaminated, hasted, invisible, very quick
A: almost no armour, stealthy swim, amphibious, 8 rings, constrict 8, camouflage
1, agile 1, berserk 1, blurry vision 1, gelatinous body 1
a: Renounce Religion


You were on level 6 of the Dungeon.
You worshipped Wu Jian.
Wu Jian was noncommittal.
You were not hungry.

You visited 2 branches of the dungeon, and saw 7 of its levels.

You collected 152 gold pieces.

Inventory:

Hand Weapons
 d - a +0 dagger
 e - a +3 scythe (weapon)
 p - a +4 quarterstaff of chaos
Missiles
 a - 126 arrows
Jewellery
 f - a +3 ring of strength (left tentacle)
 h - an amulet of guardian spirit (around mantle)
Wands
 r - a wand of polymorph (14)
 v - a wand of digging (13)
Scrolls
 c - 2 scrolls of amnesia {unknown}
 g - a scroll of teleportation {unknown}
 k - 8 scrolls of identify {unknown}
 m - 4 scrolls of remove curse {unknown}
 o - a scroll of immolation {unknown}
 q - a scroll of fear {unknown}
 u - 5 scrolls of enchant armour {unknown}
 x - a scroll of noise {unknown}
Potions
 l - a potion of might
 s - a potion of mutation
 t - 2 potions of agility
Books
 b - a book of Changes

   Spells                             Type                      Level
   a - Beastly Appendage              Transmutation                1
   b - Sticks to Snakes               Transmutation                2
   c - Spider Form                    Transmutation/Poison         3
   d - Ice Form                       Ice/Transmutation            4
   e - Blade Hands                    Transmutation                5
 y - a Young Poisoner's Handbook

   Spells                             Type                      Level
   a - Sting                          Conjuration/Poison           1
   b - Poisonous Vapours              Poison/Air                   2
   c - Mephitic Cloud                 Conjuration/Poison/Air       3
   d - Olgreb's Toxic Radiance        Poison                       4
   e - Venom Bolt                     Conjuration/Poison           5
Comestibles
 i - 9 rations


   Skills:
 + Level 3.8 Fighting
 + Level 4.3 Dodging
 + Level 4.8 Unarmed Combat
 + Level 3.9 Spellcasting
 * Level 5.8 Transmutations


You had 8 spell levels left.
You knew the following spells:

 Your Spells              Type           Power        Failure   Level  Hunger
a - Beastly Appendage     Tmut           ####..       1%          1    None
b - Sticks to Snakes      Tmut           ####....     1%          2    ##.....
c - Spider Form           Tmut/Pois      ###.......   1%          3    ###....


Dungeon Overview and Level Annotations

Branches:
Dungeon (6/15)             Temple (1/1) D:4

Altars:
Ashenzari
Cheibriados
Dithmenos
Elyvilon
Gozag
Hepliaklqana
Kikubaaqudgha
Makhleb
Nemelex Xobeh
Okawaru
Ru
Sif Muna
Trog
Uskayaw
Vehumet
Wu Jian
Xom
Yredelemnul
Zin
The Shining One

Annotations:
D:4 Suckerboh's ghost, novice GrGl


Innate Abilities, Weirdness & Mutations

You cannot wear most types of armour.
You are very stealthy in the water. (Stealth+)
You are amphibious.
You can wear up to eight rings at the same time.
You can use your tentacles to constrict eight enemies at once.
Your skin changes colour to match your surroundings (Stealth+).
Your rubbery body absorbs attacks. (AC +1, EV +1)
You are agile. (Dex +2)
You tend to lose your temper in combat.
Scrolls take you a little longer to read.


Message History

You squeeze the orc priest.
The orc priest is lightly wounded.
The orc priest completely misses you.
You closely miss the orc priest. You grab the orc priest.
The orc priest is lightly wounded.
You constrict the orc priest. The orc wizard casts a spell at you.
The orc priest seems to slow down.
The orc wizard casts a spell at you.
The magic dart hits the orc priest.
You slash the orc priest! You squeeze the orc priest.
You kill the orc priest!
The Council accepts your kill.
The orc wizard casts a spell past the orc priest.
The orc priest completely misses you.
You completely miss the orc priest. Your grab misses the orc priest.
Your squeeze misses the orc priest.
The orc priest mumbles some strange prayers to Beogh against you.
Beogh smites you!
You die...

... #..# #..# #..# #..#
.... # #..# ..... #####
#.##..## ...... ...#
#oo@..(### ......
##.######%..[.#
.....####.............#
....>........(........#
>...........#####.....#
......<.....# #.....#
......รท.....######.####
...................#
.......###.#########


You could see an orc priest and an orc wizard.

Vanquished Creatures
  Sigmund (D:2)
  Menkaure (D:4)
  An orc warrior (D:6)
  A sky beast (D:6)
  An ogre (D:2)
  A centaur (D:5)
  A crimson imp (D:5)
  2 hounds
  A bullfrog skeleton (D:5)
  An orc priest (D:6)
  A jelly (D:5)
  Crazy Yiuf (D:2)
  Jessica (D:3)
  Natasha (thrice) (D:2)
  Terence (D:2)
  A worker ant (D:3)
  A hound skeleton (D:4)
  4 adders (D:3)
  An adder skeleton (D:5)
  A worm (D:2)
  3 dart slugs
  4 leopard geckos
  2 orcs
  5 bats
  6 giant cockroaches
  3 goblins
  7 hobgoblins
  8 jackals
  2 quokkas (D:5)
  A ball python (D:3)
  5 frilled lizards
  7 kobolds
  A leopard gecko zombie (D:4)
  A quokka skeleton (D:5)
  5 rats
86 creatures vanquished.

Notes
Turn   | Place    | Note
-------+----------+-------------------------------------------
     0 | D:1      | komo4ek the Octopode Transmuter began the quest for the Orb.
     0 | D:1      | Reached XP level 1. HP: 13/13 MP: 3/3
   207 | D:1      | Reached XP level 2. HP: 18/18 MP: 3/5
   873 | D:1      | Reached XP level 3. HP: 23/23 MP: 6/6
  1417 | D:2      | Noticed an ogre
  1418 | D:2      | Noticed Terence
  1426 | D:2      | Killed Terence
  1426 | D:2      | Reached XP level 4. HP: 21/28 MP: 1/7
  1429 | D:2      | Killed an ogre
  1429 | D:2      | Reached skill level 3 in Transmutations
  1429 | D:2      | Reached XP level 5. HP: 7/34 MP: 0/8
  1701 | D:2      | Noticed Sigmund
  1723 | D:2      | Killed Sigmund
  1723 | D:2      | Reached skill level 4 in Transmutations
  1723 | D:2      | Reached XP level 6. HP: 32/41 MP: 7/10
  1746 | D:2      | Found a runed door.
  1825 | D:2      | Noticed a hand axe
  1826 | D:2      | Found a hide-covered altar of Uskayaw.
  1827 | D:2      | Noticed a dagger
  2220 | D:2      | Noticed Natasha
  2228 | D:2      | Killed Natasha
  2286 | D:2      | Noticed Natasha
  2290 | D:2      | Killed Natasha
  2406 | D:2      | Noticed Natasha
  2412 | D:2      | Killed Natasha
  2789 | D:2      | Learned a level 2 spell: Sticks to Snakes
  2790 | D:2      | Noticed Crazy Yiuf
  2797 | D:2      | Killed Crazy Yiuf
  3083 | D:3      | Noticed Jessica
  3091 | D:3      | Killed Jessica
  3091 | D:3      | Reached XP level 7. HP: 35/45 MP: 7/11
  3727 | D:4      | Noticed Suckerboh's ghost (novice GrGl)
  3820 | D:4      | Found a staircase to the Ecumenical Temple.
  3827 | Temple   | Entered the Ecumenical Temple
  4010 | Temple   | Became a worshipper of the Wu Jian Council
  4068 | D:4      | Noticed Menkaure
  4072 | D:4      | Killed Menkaure
  4072 | D:4      | Reached skill level 5 in Transmutations
  4304 | D:5      | Entered Level 5 of the Dungeon
  4310 | D:5      | Learned a level 3 spell: Spider Form
  4944 | D:5      | Found a snail-covered altar of Cheibriados.
  5157 | D:5      | Reached XP level 8. HP: 50/52 MP: 11/13
  5811 | D:6      | Gained mutation: Scrolls take you a little longer to read. [potion of mutation]
  5811 | D:6      | Gained mutation: You tend to lose your temper in combat. [potion of mutation]
  5811 | D:6      | Gained mutation: You are agile. (Dex +2) [potion of mutation]
  5821 | D:6      | Killed from afar by an orc priest

Skill      XL: |  1  2  3  4  5  6  7 |
---------------+----------------------+-----
Fighting       | 2 3 |  3.8
Transmutations | 3 4 5 |  5.8
Dodging        | 3 4 |  4.3
Unarmed Combat | 4 |  4.8
Spellcasting   | 3 |  3.9

Action                   |  1- 3 |  4- 6 |  7- 9 || total
-------------------------+-------+-------+-------++-------
Melee: Unarmed           |     5 |       |    38 ||    43
       Dagger            |    44 |    11 |       ||    55
       Constrict         |    19 |     8 |    17 ||    44
       Tentacles         |    11 |     5 |    10 ||    26
       Kick              |    11 |    10 |    13 ||    34
       Punch             |       |     1 |     2 ||     3
       Scythe            |       |    28 |    74 ||   102
 Cast: Beastly Appendage |     6 |     9 |    21 ||    36
       Sticks to Snakes  |       |     1 |       ||     1
       Spider Form       |       |       |     4 ||     4
Invok: Lunge             |       |       |     2 ||     2
Evoke: Wand              |       |       |     1 ||     1
  Use: Potion            |     2 |       |    12 ||    14
 Stab: Sleeping          |       |     6 |     8 ||    14
  Eat: Ration            |     1 |     1 |     2 ||     4
       Chunk             |       |     2 |     2 ||     4
Armor: Skin              |     4 |       |     3 ||     7
Dodge: Dodged            |    34 |    15 |   100 ||   149
